 Dungeon Crawl Stone Soup version 0.27.1-4-g1640c2035a (webtiles) character file.

Game seed: 15590693116780645641

1044226 iamoutofideas the Archmage (level 27, -13/183 HPs)
             Began as a Deep Elf Fire Elementalist on Nov 5, 2021.
             Was the Champion of Vehumet.
             Drowned by Dummoffu the pandemonium lord (32 damage)
             ... on level 2 of a ziggurat on Nov 6, 2021.
             The game lasted 07:57:06 (116669 turns).

iamoutofideas the Archmage (DEFE)                 Turns: 116669, Time: 07:57:06

Health: -13/183    AC: 28    Str: 11    XL:     27
Magic:  14/56      EV: 17    Int: 33    God:    Vehumet [******]
Gold:   4222       SH: 20    Dex: 11    Spells: 0/80 levels left

rFire    + + +     SeeInvis .   a - +7 Singing Sword {vorpal, sonic wave}
rCold    + + +     Faith    .   W - +2 shield of Resistance {rF++ rC++ Will++}
rNeg     + + .     Spirit   .   s - +7 Kryia's mail coat {PotionHeal*2 rC+}
rPois    +         Reflect  .   G - +2 hat {Will+}
rElec    +         Harm     .   U - +5 cloak of the Tundras {Str+2}
rCorr    +         Rampage  .   N - +0 pair of fencer's gloves {Riposte Dex+3}
Will     +++++                  g - +0 pair of boots of Experimentation {rCorr Str+3 Dex-5}
Stlth    +.........             E - amulet of Vitality {Regen+ HP+15}
HPRegen  1.40/turn              Z - ring of Seawim {rElec rPois rN+ Will- rCorr}
MPRegen  0.35/turn              C - ring "Jiliegg" {rPois rF++ rN+ Will+}

@: studying 3 skills
A: large bone plates 1, clumsy 1, strong-willed 2
}: 7/15 runes: barnacled, slimy, silver, abyssal, magical, dark, gossamer
a: Renounce Religion


You were on level 2 of a ziggurat.
You worshipped Vehumet.
Vehumet was exalted by your worship.
You visited 14 branches of the dungeon, and saw 61 of its levels.
You visited Pandemonium 1 time, and saw 5 of its levels.
You visited the Abyss 4 times.
You visited 2 ziggurats (completing 1), and saw 29 of their levels.
You also visited: Ossuary and Gauntlet.

You collected 9916 gold pieces.
You spent 5694 gold pieces at shops.

Inventory:

Hand Weapons
 a - the +7 Singing Sword (weapon) {vorpal, sonic wave}
   (You found it on level 5 of the Pits of Slime)

   It inflicts extra damage upon your enemies.
   It radiates damaging sonic waves as it strikes, especially in combat
   involving dangerous or numerous foes.
 t - a +9 antimagic dagger
 F - the +12 lance "Wyrmbane" {slay drac, rPois rF+ rC+ AC+3}
   (You found it on level 9 of a ziggurat)

   It inflicts extra damage against dragons and draconians.
   AC:        It affects your AC (+3).
   rF:        It protects you from fire.
   rC:        It protects you from cold.
   rPois:     It protects you from poison.
Armour
 g - the +0 pair of boots of Experimentation (worn) {rCorr Str+3 Dex-5}
   (You acquired it on level 15 of the Dungeon)

   Str:       It affects your strength (+3).
   Dex:       It affects your dexterity (-5).
   rCorr:     It protects you from acid and corrosion.
 s - the +7 Kryia's mail coat (worn) {PotionHeal*2 rC+}
   (You bought it in a shop on level 1 of the Depths)

   Potions are twice as effective at healing its wearer.
   rC:        It protects you from cold.
 G - a +2 hat of willpower (worn)
 N - the +0 pair of fencer's gloves (worn) {Riposte Dex+3}
   (You found it on level 22 of a ziggurat)

   It allows the wearer to riposte with any weapon, or to riposte more often
   with a long blade, swiftly retaliating against a missed attack.
   Dex:       It affects your dexterity (+3).
 O - a +4 troll leather armour
 U - the +5 cloak of the Tundras (worn) {Str+2}
   (You found it in a Gauntlet)

   Str:       It affects your strength (+2).
 W - the +2 shield of Resistance (worn) {rF++ rC++ Will++}
   (You found it on level 17 of a ziggurat)

   rF:        It greatly protects you from fire.
   rC:        It greatly protects you from cold.
   Will:      It greatly increases your willpower.
Jewellery
 m - the ring of the Median {rC- rN++ Str+4 Dex+6}
   (You bought it in a shop on level 3 of the Depths)

   [ring of dexterity]

   Str:       It affects your strength (+4).
   Dex:       It affects your dexterity (+6).
   rC:        It makes you vulnerable to cold.
   rN:        It greatly protects you from negative energy.
 v - the amulet of Xom's Flight of Fancy {RegenMP rC+ SInv}
   (You found it on level 6 of a ziggurat)

   [amulet of magic regeneration]

   It increases your rate of magic regeneration.
   rC:        It protects you from cold.
   SInv:      It lets you see invisible.
 C - the ring "Jiliegg" (right hand) {rPois rF++ rN+ Will+}
   (You found it on level 21 of a ziggurat)

   [ring of positive energy]

   rF:        It greatly protects you from fire.
   rPois:     It protects you from poison.
   rN:        It protects you from negative energy.
   Will:      It increases your willpower.
 E - the amulet of Vitality (around neck) {Regen+ HP+15}
   (You took it off a deep elf zephyrmancer on level 3 of the Elven Halls)

   [amulet of regeneration]

   HP:        It affects your health (+15).
   Regen:     It increases your rate of health regeneration.
 Z - the ring of Seawim (left hand) {rElec rPois rN+ Will- rCorr}
   (You found it on level 20 of a ziggurat)

   [ring of resist corrosion]

   rElec:     It insulates you from electricity.
   rPois:     It protects you from poison.
   rN:        It protects you from negative energy.
   rCorr:     It protects you from acid and corrosion.
   Will:      It decreases your willpower.
Wands
 b - a wand of digging (1)
 d - a wand of acid (29)
 o - a wand of mindburst (57)
 D - a wand of iceblast (84)
Scrolls
 f - 9 scrolls of teleportation
 j - 8 scrolls of fog
 r - 7 scrolls of fear
 u - 9 scrolls of immolation
 w - 4 scrolls of magic mapping
 x - 3 scrolls of amnesia
 M - 4 scrolls of silence
Potions
 c - a potion of haste
 e - 15 potions of cancellation
 i - 7 potions of brilliance
 k - 5 potions of might
 l - a potion of curing
 p - a potion of heal wounds
 q - 4 potions of flight
 z - 6 potions of resistance
 A - 22 potions of mutation
 I - 10 potions of ambrosia
 Q - 3 potions of berserk rage
 R - 4 potions of lignification
Miscellaneous
 h - the horn of Geryon (inert)
 n - a phantom mirror
 Y - a condenser vane


   Skills:
 - Level 16.2 Fighting
 + Level 15.3 Long Blades
 - Level 2.0 Staves
 - Level 13.5 Armour
 - Level 26.0 Dodging
 - Level 4.0 Stealth
 - Level 17.8 Shields
 O Level 27 Spellcasting
 O Level 27 Conjurations
 - Level 5.0 Hexes
 - Level 2.0 Summonings
 - Level 20.1 Necromancy
 - Level 2.0 Translocations
 - Level 13.3 Transmutations
 O Level 27 Fire Magic
 - Level 0.5 Ice Magic
 - Level 4.6 Air Magic
 - Level 22.9 Earth Magic
 - Level 1.9 Evocations


You couldn't memorise any spells.
You knew the following spells:

 Your Spells              Type           Power      Damage    Failure   Level
a - Statue Form           Tmut/Erth      70%        N/A       1%          6
b - Chain Lightning       Conj/Air       49%        3d66      54%         9
c - Necromutation         Tmut/Necr      50%        N/A       12%         8
d - Fireball              Conj/Fire      61%        3d23      0%          5
e - Shatter               Erth           57%        3d43*     4%          9
f - Apportation           Tloc           100%       N/A       1%          1
h - Spellforged Servitor  Conj/Summ      48%        N/A       1%          7
i - Orb of Destruction    Conj           61%        9d17      0%          7
j - Ignition              Fire           61%        3d16      1%          8
k - Swiftness             Air            66%        N/A       1%          3
l - Iron Shot             Conj/Erth      59%        9d11      0%          6
m - Blink                 Tloc           N/A        N/A       1%          2
n - Fire Storm            Conj/Fire      61%        8d15      1%          9

Your spell library contained the following spells:

 Spells                   Type           Power      Damage    Failure   Level
 Lehudib's Crystal Spear  Conj/Erth      59%        10d14     1%          8
 Polar Vortex             Ice            24%        N/A       100%        9
 Animate Skeleton         Necr           100%       N/A       0%          1
 Foxfire                  Conj/Fire      100%       2x1d9     0%          1
 Pain                     Necr           100%       1d9       0%          1
 Sandblast                Erth           100%       2d20      0%          1
 Shock                    Conj/Air       100%       1d9       0%          1
 Corpse Rot               Necr/Air       N/A        N/A       0%          2
 Passwall                 Tmut/Erth      87%        N/A       0%          2
 Static Discharge         Conj/Air       99%        N/A       0%          2
 Sublimation of Blood     Necr           54%        N/A       0%          2
 Wereblood                Tmut           93%        N/A       0%          2
 Conjure Flame            Conj/Fire      100%       6-21      0%          3
 Dazzling Flash           Conj/Hex       100%       N/A       0%          3
 Ignite Poison            Fire/Tmut/Pois 93%        N/A       0%          3
 Inner Flame              Hex/Fire       100%       N/A       0%          3
 Stone Arrow              Conj/Erth      100%       3d13      0%          3
 Vampiric Draining        Necr           54%        2d13      0%          3
 Animate Dead             Necr           54%        N/A       0%          4
 Dispel Undead            Necr           100%       3d31      0%          4
 Petrify                  Tmut/Erth      100%       N/A       0%          4
 Sticky Flame             Conj/Fire      100%       2d11      0%          4
 Agony                    Necr           100%       N/A       0%          5
 Bolt of Magma            Conj/Fire/Erth 59%        4d23      0%          5
 Borgnjor's Vile Clutch   Necr/Erth      56%        N/A       0%          5
 Excruciating Wounds      Necr           54%        N/A       0%          5
 Irradiate                Conj/Tmut      54%        3d31      0%          5
 Iskenderun's Battlesphe  Conj           100%       2d15      0%          5
 Lee's Rapid Deconstruct  Erth           57%        3d27*     0%          5
 Starburst                Conj/Fire      61%        6d16      0%          6
 Corona                   Hex            74%        N/A       1%          1
 Freeze                   Ice            100%       1d11      1%          1
 Sting                    Tmut/Pois      100%       1d8       1%          1
 Summon Small Mammal      Summ           100%       N/A       1%          1
 Ensorcelled Hibernation  Hex/Ice        100%       N/A       1%          2
 Poisonous Vapours        Pois/Air       100%       N/A       1%          2
 Slow                     Hex            67%        N/A       1%          2
 Confusing Touch          Hex            67%        N/A       1%          3
 Frozen Ramparts          Ice            96%        1d11      1%          3
 Mephitic Cloud           Conj/Pois/Air  85%        N/A       1%          3
 Portal Projectile        Hex/Tloc       100%       N/A       1%          3
 Spider Form              Tmut/Pois      36%        N/A       1%          3
 Summon Guardian Golem    Hex/Summ       61%        N/A       1%          3
 Tukima's Dance           Hex            67%        N/A       1%          3
 Airstrike                Air            33%        N/A       1%          4
 Animate Armour           Summ/Erth      100%       N/A       1%          4
 Fulminant Prism          Conj/Hex       50%        3d23      1%          4
 Hailstorm                Conj/Ice       94%        3d19      1%          4
 Ice Form                 Ice/Tmut       74%        N/A       1%          4
 Iskenderun's Mystic Bla  Conj/Tloc      96%        2d19      1%          4
 Leda's Liquefaction      Hex/Erth       47%        N/A       1%          4
 Blade Hands              Tmut           46%        N/A       1%          5
 Freezing Cloud           Conj/Ice/Air   43%        6-21      1%          5
 Lightning Bolt           Conj/Air       49%        1d70      1%          5
 Yara's Violent Unravell  Hex/Tmut       40%        3d16      1%          5
 Conjure Ball Lightning   Conj/Air       49%        3x3d17    1%          6
 Death Channel            Necr           54%        N/A       1%          6
 Call Canine Familiar     Summ           55%        N/A       2%          3
 Gell's Gravitas          Tloc           27%        N/A       2%          3
 Lesser Beckoning         Tloc           27%        N/A       2%          3
 Teleport Other           Tloc           55%        N/A       2%          3
 Cause Fear               Hex            33%        N/A       2%          4
 Alistair's Intoxication  Tmut/Pois      48%        N/A       3%          5
 Infestation              Necr           54%        N/A       3%          8
 Ozocubu's Armour         Ice            48%        N/A       4%          3
 Summon Lightning Spire   Summ/Air       61%        N/A       4%          4
 Simulacrum               Ice/Necr       42%        N/A       4%          6
 Olgreb's Toxic Radiance  Pois           44%        N/A       5%          4
 Eringya's Noxious Bog    Tmut/Pois      36%        N/A       5%          6
 Dragon Form              Tmut           46%        N/A       6%          7
 Silence                  Hex/Air        33%        N/A       7%          5
 Passage of Golubria      Tloc           N/A        N/A       8%          4
 Summon Ice Beast         Ice/Summ       52%        N/A       11%         4
 Summon Mana Viper        Hex/Summ       61%        N/A       12%         5
 Haunt                    Necr/Summ      43%        N/A       16%         7
 Manifold Assault         Tloc           55%        N/A       22%         5
 Summon Forest            Summ/Tloc      27%        N/A       22%         5
 Invisibility             Hex            33%        N/A       34%         6
 Storm Form               Tmut/Air       40%        N/A       36%         7
 Dispersal                Tloc           27%        N/A       77%         6
 Shadow Creatures         Summ           N/A        N/A       77%         6
 Ozocubu's Refrigeration  Ice            24%        4d9       95%         7
 Maxwell's Capacitive Co  Air            33%        ∞         98%         8
 Malign Gateway           Summ/Tloc      27%        N/A       100%        7
 Monstrous Menagerie      Summ           27%        N/A       100%        7
 Summon Hydra             Summ           27%        N/A       100%        7
 Discord                  Hex            33%        N/A       100%        8
 Disjunction              Tloc           27%        N/A       100%        8
 Summon Horrible Things   Summ           27%        N/A       100%        8
 Dragon's Call            Summ           27%        N/A       100%        9


Dungeon Overview and Level Annotations

Branches:
Dungeon (15/15)            Temple (1/1) D:6            Lair (6/6) D:10
 Shoals (4/4) Lair:4       Spider (4/4) Lair:4        Slime (5/5) Lair:6
    Orc (2/2) D:10            Elf (3/3) Orc:2        Vaults (5/5) D:14
  Crypt (3/3) Vaults:2       Tomb (2/3) Crypt:3      Depths (5/5) D:15
   Hell (visited)             Dis (0/7) Hell            Geh (0/7) Hell
    Coc (0/7) Hell            Tar (0/7) Hell            Zot (5/5) Depths:5
Ossuary (visited)         Gauntlet (visited)

Altars:
Ashenzari
Cheibriados
Dithmenos
Elyvilon
Fedhas
Gozag
Hepliaklqana
Kikubaaqudgha
Makhleb
Nemelex Xobeh
Okawaru
Qazlal
Ru
Sif Muna
Trog
Uskayaw
Vehumet
Wu Jian
Xom
Yredelemnul
Zin
The Shining One
Jiyva

Shops:
D:2 :*   D:4 [   D:7 *   D:9 (   D:10 *   Orc:2 :***   Shoals:3 (   Vaults:3 :
Depths:1 *   Depths:3 :=:   Depths:5 ([

Portals:
Hell: Depths:1 Depths:2 Depths:3 Depths:4 Depths:5
Abyss: Zot:4 Depths:4 Depths:5
Pandemonium: Depths:3 Depths:4

Annotations:
D:6 exclusion: downstairs
Lair:1 exclusion: downstairs
Orc:2 exclusion: upstairs
Elf:2 5 runed translucent doors
Crypt:1 exclusion: downstairs
Depths:5 6 runed translucent doors
Zot:4 2 transporters, acemry's ghost, legendary MiFi
Zot:5 4 exclusions


Innate Abilities, Weirdness & Mutations

You are partially covered in large bone plates. (SH +4)
You are clumsy. (Dex -2)
You are highly strong-willed. (Will++)


Message History

Dummoffu is severely wounded.
You block Dummoffu's attack.
Unknown command.
Unknown command.
Casting: Ignition (mildly dangerous; 1% risk of failure)
Confirm with . or Enter, or press ? or * to list all spells.
Aiming: Iron Shot (safe; 0% risk of failure)
Press: ? - help, Shift-Dir - straight line, f - Dummoffu
Aim: Dummoffu (severely wounded, 31% to hit)
The iron shot hits Dummoffu!!
Dummoffu is almost dead.
You block Dummoffu's attack. Dummoffu closely misses you.
You riposte.
Really attack near your fire vortices?
Okay, then.
Casting: Iron Shot (safe; 0% risk of failure)
Confirm with . or Enter, or press ? or * to list all spells.
Aiming: Iron Shot (safe; 0% risk of failure)
Press: ? - help, Shift-Dir - straight line, f/p - Dummoffu
Aim: Dummoffu (almost dead, 31% to hit)
The iron shot misses Dummoffu.
You block Dummoffu's attack.
Unknown command.
Casting: Iron Shot (safe; 0% risk of failure)
Confirm with . or Enter, or press ? or * to list all spells.
Aiming: Iron Shot (safe; 0% risk of failure)
Press: ? - help, Shift-Dir - straight line, f/p - Dummoffu
Aim: Dummoffu (almost dead, 31% to hit)
The iron shot misses Dummoffu.
Dummoffu engulfs you. Dummoffu drowns you!! Dummoffu engulfs you!
Dummoffu drowns you!!
Unknown command.
Casting: Iron Shot (safe; 0% risk of failure)
Confirm with . or Enter, or press ? or * to list all spells.
Aiming: Iron Shot (safe; 0% risk of failure)
Press: ? - help, Shift-Dir - straight line, f/p - Dummoffu
Aim: Dummoffu (severely wounded, 31% to hit)
The iron shot hits Dummoffu!!
Dummoffu is almost dead.
Dummoffu engulfs you!!!
* * * LOW HITPOINT WARNING * * *
Dummoffu drowns you!!
You die...

▓▓▓▓▓▓▓▓ ▓
.......▓▓
▓. #...##.▓
▓.##...##.▓
▓∩:.......▓
▓>$&.....∩▓
▓∩..@.....▓
▓.##...##.▓
▓ #...##.▓
.......▓▓
▓▓▓▓▓▓▓▓▓


You could see Dummoffu.

Vanquished Creatures
  the Royal Jelly (Slime:5)
  Gloorx Vloq (Pan)
  7 dread liches
  9 ancient liches
  6 juggernauts
  Mara (Vaults:2)
  3 orbs of fire
  6 royal mummies
  Sojobo (Tomb:2)
  Boris (Vaults:3)
  Bai Suzhen (Crypt:2)
  Margery (Vaults:2)
  The ghost of lmSkywalker the Warrior, an adept DrTm of Okawaru (Zig:14)
  3 curse toes
  Saint Roka (Depths:3)
  4 Killer Klowns
  Geryon (Hell)
  5 caustic shrikes (Zig:27)
  12 golden dragons
  A profane servitor (Abyss:1)
  A pandemonium lord (Zig:21)
  Jory (Crypt:3)
  6 pearl dragons (Zig:18)
  2 electric golems
  4 bone dragons
  5 iron giants (Zig:27)
  A hellephant (Abyss:1)
  A Tzitzimitl (Zig:21)
  The ghost of Xutext the Spry, an adept DsAK of Lugonu (Zig:14)
  2 Brimstone Fiends
  8 Hell Sentinels
  8 liches
  18 tentacled monstrosities
  7 Orb Guardians (Zot:5)
  Jorgrun (Shoals:1)
  10 deep elf blademasters
  6 Ice Fiends
  8 titans
  29 acid blobs
  8 quicksilver dragons
  14 deep elf master archers
  7 ancient champions
  9 tentacled starspawn
  17 Executioners
  5 death cobs
  Gastronok (D:11)
  2 storm dragons (shapeshifter)
  16 shadow dragons
  A thorn hunter (Zig:15)
  Agnes (Spider:2)
  Kirke (Shoals:4)
  16 sphinxes
  20 storm dragons
  2 warmongers
  12 tengu reavers
  4 draconian monks
  Donald (Spider:2)
  7 daevas (Zig:18)
  9 nagarajas
  13 revenants
  A fenstrider witch (shapeshifter) (Zig:23)
  15 azure jellies
  The ghost of Whoops the Bludgeoner, an adept GrFi of the Shining One (Shoals:1)
  9 fire giants
  27 rockslimes
  Ilsuiw (Shoals:4)
  24 vault wardens
  7 deep elf sorcerers
  4 blood saints
  5 draconian scorchers
  13 frost giants
  19 ghost moths
  10 orc warlords
  5 balrugs
  4 draconian knights
  12 iron dragons
  5 cacodemons
  6 emperor scorpions
  Louise (Depths:4)
  A juggernaut zombie (Zig:12)
  2 caustic shrike zombies
  3 deep elf elementalists
  2 spectral caustic shrikes (Depths:3)
  The ghost of Xolotl the Nimble, a journeyman DjWz of Uskayaw (D:12)
  6 curse skulls
  A draconian shifter (Zot:3)
  3 angels
  3 draconian annihilators
  3 draconian stormcallers
  9 war gargoyles
  4 ophanim (Zig:18)
  13 reapers
  2 spriggan defenders
  18 quicksilver oozes
  14 ghouls
  35 stone giants
  A caustic shrike skeleton (Crypt:1)
  17 ironbound preservers
  8 apis (Zig:18)
  12 deep elf demonologists
  5 corrupters
  Nessos (Lair:6)
  35 vampire knights
  5 lorocyprocas (Pan)
  2 bennus (Tomb:1)
  9 green draconians
  5 dire elephants
  18 deep elf annihilators
  14 black suns
  9 black draconians
  32 very ugly things
  15 spark wasps
  12 purple draconians
  10 red draconians
  A spark wasp (shapeshifter) (D:14)
  15 entropy weavers
  A dire elephant (shapeshifter) (Zig:23)
  6 yellow draconians
  A minotaur (Gauntlet)
  9 white draconians
  A bunyip (Zig:15)
  9 merfolk javelineers
  18 blizzard demons
  9 eidola
  10 fire dragons
  12 ettins
  16 green deaths
  Snorg (D:10)
  16 deep elf death magi
  2 quicksilver dragon zombies
  2 eleionomae (Zig:15)
  8 crystal guardians (Zig:27)
  An eleionoma (shapeshifter) (Zig:23)
  Josephine (D:11)
  12 mummy priests
  12 deep elf high priests
  8 merfolk impalers
  11 jiangshi
  14 great orbs of eyes
  11 rakshasas
  29 vault guards
  11 yaktaur captains
  Fannar (Orc:1)
  8 salamander tyrants
  5 naga warriors
  Harold (D:10)
  2 monstrous demonspawn (Pan)
  3 quicksilver dragon skeletons
  11 ice dragons
  A shambling mangrove (Zig:15)
  11 hydras
  4 ghost crabs
  3 hell beasts (Zig:21)
  6 spriggan air magi
  9 centaur warriors
  2 merfolk avatars (Shoals:4)
  6 ironbound thunderhulks
  11 ironbound frosthearts
  12 boulder beetles
  3 peacekeepers
  2 catoblepae
  2 ogre magi
  An alligator snapping turtle (Shoals:2)
  2 merfolk aquamancers
  2 death knights
  7 two-headed ogres
  25 dancing weapons
  Erica (D:8)
  3 hell hogs (Hell)
  3 anacondas
  15 death yaks
  9 ironbound beastmasters
  36 death scarabs
  3 thrashing horrors
  6 deep troll shamans
  5 satyrs
  3 shock serpents
  5 tengu warriors
  5 spriggan berserkers
  13 vampire magi
  12 deep troll earth magi
  31 hell knights
  13 orc high priests
  6 naga sharpshooters
  2 titan skeletons
  24 sun demons
  15 soul eaters
  Sonja (Orc:1)
  38 skeletal warriors
  8 deep elf knights
  24 spriggans
  5 iron golems (Zig:27)
  5 shadow wraiths (Pan)
  A spatial maelstrom (Abyss:4)
  11 sixfirhies
  9 wretched stars
  3 fire crabs
  2 goliath frogs (Zig:15)
  A ghost moth zombie (Tomb:1)
  A storm dragon zombie (Crypt:2)
  4 golden dragon zombies
  A death drake (shapeshifter) (Vaults:5)
  6 iron trolls
  2 salamander mystics (Depths:5)
  A torturous demonspawn (Pan)
  15 flayed ghosts
  9 death drakes (Zig:26)
  3 storm dragon skeletons (Pan)
  17 sea snakes
  6 cherubim (Zig:18)
  4 spriggan druids
  9 shadow demons
  An obsidian statue (Tomb:1)
  A glowing orange brain (shapeshifter) (Vaults:5)
  7 glowing orange brains
  6 bog bodies
  3 naga ritualists (Zig:16)
  2 gelid demonspawn (Pan)
  A kraken simulacrum (Hell)
  16 wizards
  59 deep trolls
  A golden dragon skeleton (Zig:17)
  2 shadow dragon zombies
  2 anaconda skeletons
  6 swamp dragons
  34 orb spiders
  17 deep elf archers
  20 ironbound convokers
  33 phantasmal warriors
  A sphinx zombie (Depths:1)
  14 necromancers
  3 iron dragon zombies
  5 mana vipers
  13 lindwurms
  33 deep elf zephyrmancers
  3 shadow dragon skeletons
  2 frost giant zombies
  56 ugly things
  A cyclops (shapeshifter) (Depths:3)
  29 deep elf pyromancers
  A sphinx skeleton (Zig:17)
  47 wolf spiders
  7 harpies
  10 salamanders
  19 orc knights
  12 orc sorcerers
  8 cyclopes
  13 fauns
  5 stone giant zombies
  4 worldbinders
  9 shining eyes
  13 manticores
  36 moths of wrath
  3 fire giant skeletons
  2 iron dragon skeletons
  3 elf zombies
  46 smoke demons
  2 moths of wrath (shapeshifter)
  9 water nymphs
  Maurice (D:8)
  A shock serpent zombie (Crypt:3)
  An ice statue (Hell)
  9 rust devils
  6 apocalypse crabs
  24 vault sentinels
  7 eyes of devastation
  2 eyes of devastation (shapeshifter)
  6 naga magi
  2 molten gargoyles (Hell)
  17 black mambas
  13 merfolk sirens
  A titan simulacrum (Depths:2)
  5 elephants (Lair:3)
  4 guardian serpents
  22 cane toads
  5 gargoyles
  15 torpor snails
  A water nymph (shapeshifter) (Zig:7)
  A rime drake (shapeshifter) (Zig:23)
  A shock serpent skeleton (Crypt:1)
  13 orange demons
  A spectral sea snake (Shoals:2)
  2 unseen horrors (D:11)
  8 rime drakes
  2 cane toads (shapeshifter)
  6 komodo dragons
  A swamp worm zombie (Crypt:3)
  2 spriggan skeletons (Zig:17)
  5 efreet
  27 demonic crawlers
  39 yaktaurs
  Psyche (D:8)
  8 hellions
  A spark wasp simulacrum (Depths:2)
  10 ice devils
  6 freezing wraiths
  A sea snake zombie (Hell)
  4 kobold demonologists
  A spectral water nymph (Shoals:2)
  3 tengu conjurers
  11 ancient zymes
  7 tormentors
  45 jumping spiders
  25 guardian mummies
  14 merfolk
  36 hellwings
  2 tyrant leeches (Zig:15)
  14 red devils
  A sea snake skeleton (Hell)
  15 trolls
  A wolf spider simulacrum (Gauntlet)
  15 wind drakes
  A silent spectre (Abyss:3)
  21 hornets
  A harpy zombie (Crypt:3)
  11 polar bears
  A shadow dragon simulacrum (Zig:17)
  A wind drake (shapeshifter) (D:14)
  A harpy skeleton (Pan)
  22 dream sheep
  30 large abominations
  A hornet (shapeshifter) (D:15)
  32 blink frogs
  114 slime creatures
  17 snapping turtles
  A blink frog (shapeshifter) (D:14)
  A spectral manticore (Shoals:2)
  A fire dragon zombie (Crypt:3)
  3 ettin zombies
  20 raiju
  2 fire dragon skeletons
  13 flying skulls
  4 air elementals
  A redback (shapeshifter) (D:13)
  A satyr skeleton (Crypt:1)
  2 centaur simulacra
  34 water elementals
  16 starcursed masses
  68 redbacks
  A black mamba skeleton (Crypt:2)
  42 tarantellas
  2 ushabtiu (Tomb:1)
  4 ettin skeletons
  A yak (shapeshifter) (Vaults:5)
  4 shadows (Zig:17)
  14 ynoxinuls
  48 yaks
  2 fire bats (Abyss:1)
  2 vampires
  9 wyverns
  6 hogs (Shoals:4)
  Grum (D:10)
  9 basilisks
  9 chaos spawn
  13 golden eyes
  21 wraiths
  2 alligator skeletons
  A wind drake zombie (Crypt:3)
  8 fire elementals
  A hog (shapeshifter) (Vaults:5)
  16 small abominations
  8 steam dragons
  2 merfolk simulacra (Shoals:2)
  6 neqoxecs
  9 spatial vortices
  A sea snake simulacrum (Shoals:2)
  A deep troll zombie (Crypt:2)
  10 wargs
  5 vampire mosquitoes (D:13)
  2 nagas
  A harpy simulacrum (Gauntlet)
  A tengu zombie (Depths:1)
  A water moccasin (shapeshifter) (Depths:3)
  7 acid dragons
  A human zombie (Vaults:4)
  13 water moccasins
  A human skeleton (Zig:12)
  A cane toad zombie (Abyss:4)
  28 hell hounds
  A two-headed ogre skeleton (Crypt:2)
  4 floating eyes
  A cane toad skeleton (Pan)
  A floating eye (shapeshifter) (Zig:2)
  66 orc warriors
  A swamp dragon zombie (Crypt:3)
  17 black bears
  9 swamp drakes
  2 ice beasts
  A black bear (shapeshifter) (Vaults:5)
  A snapping turtle zombie (Crypt:3)
  A hornet zombie (Crypt:1)
  16 necrophages
  12 ogres
  A manticore zombie (Crypt:3)
  An elephant skeleton (Crypt:3)
  3 snapping turtle skeletons
  21 wolves
  3 boggarts (D:15)
  11 centaurs
  2 phantoms (D:5)
  6 kobold brigands
  14 bullfrogs
  3 gnoll sergeants
  A yaktaur zombie (Crypt:1)
  An elf skeleton (Pan)
  6 earth elementals
  A glowing shapeshifter simulacrum (Vaults:4)
  3 scorpions (Lair:4)
  A water nymph simulacrum (Shoals:2)
  2 water moccasin zombies
  2 wyvern skeletons
  A polar bear zombie (Crypt:2)
  A queen bee zombie (Crypt:2)
  A water moccasin skeleton (D:4)
  A spriggan zombie (Crypt:3)
  2 manticore simulacra (Shoals:2)
  4 wights (D:8)
  4 electric eels
  6 howler monkeys
  A polar bear skeleton (Crypt:1)
  3 centaur zombies
  3 hounds
  A bullfrog zombie (D:7)
  2 lava snakes (Lair:2)
  4 quasits
  19 orc priests
  A wolf skeleton (Crypt:2)
  9 jellies
  4 centaur skeletons
  An iguana (D:6)
  A black bear skeleton (Crypt:3)
  A bullfrog skeleton (Crypt:1)
  35 orc wizards
  11 hell rats
  A killer bee zombie (D:8)
  A scorpion zombie (Crypt:2)
  An ogre zombie (Crypt:3)
  A felid skeleton (Crypt:2)
  A sky beast zombie (Crypt:3)
  A hound zombie (D:5)
  2 hound skeletons (D:4)
  39 mummies
  A howler monkey zombie (D:7)
  A howler monkey skeleton (D:7)
  15 gnolls
  4 adders
  A steam dragon skeleton (Crypt:3)
  7 shadow imps
  6 white imps
  An ufetubus (Abyss:4)
  An adder zombie (Ossuary)
  2 adder skeletons (D:4)
  3 worms
  98 orcs
  8 ball pythons
  6 bats
  6 endoplasms
  9 giant cockroaches
  4 goblins
  9 hobgoblins
  2 quokkas
  2 frilled lizards (D:1)
  A gnoll zombie (Ossuary)
  7 hobgoblin zombies (Ossuary)
  A jackal skeleton (Crypt:3)
  21 kobolds
  6 kobold zombies (Ossuary)
  2 orc zombies
  A quokka skeleton (Crypt:2)
  7 rats
  A river rat skeleton (Crypt:3)
  6 ball lightnings (Pan)
  3 bushes
  A fire vortex (Depths:4)
  2 lurking horrors
  9 starspawn tentacles
4090 creatures vanquished.

Vanquished Creatures (collateral kills)
  A pandemonium lord (Pan)
  2 golden dragons
  A Brimstone Fiend (Zig:21)
  An electric golem (Zot:5)
  A tentacled monstrosity (Zot:1)
  Rupert (D:14)
  A lich (Tomb:1)
  2 titans (Zig:23)
  A deep elf master archer (Zig:25)
  An Executioner (Zig:21)
  2 acid blobs (Slime:5)
  A death cob (Zot:1)
  A tengu reaver (Zig:4)
  The ghost of Niragaru the Nimble, an adept TeBr of Lugonu (Shoals:2)
  2 storm dragons
  Roxanne (Shoals:4)
  2 shadow dragons
  An azure jelly (Slime:5)
  3 iron dragons (Zig:26)
  2 rockslimes
  A frost giant (Zig:23)
  A balrug (Zig:21)
  An emperor scorpion (Spider:4)
  A draconian shifter (Zot:1)
  A ghost moth (Zig:24)
  A quicksilver ooze (Slime:5)
  A very ugly thing (Depths:4)
  A ghoul (Crypt:3)
  A war gargoyle (Vaults:2)
  2 green draconians
  A vampire knight (Depths:3)
  A black sun (Pan)
  A corrupter (Pan)
  A deep elf demonologist (Elf:3)
  A deep elf annihilator (Elf:3)
  A dire elephant (Vaults:2)
  2 spark wasps
  A white draconian (Zot:1)
  An eidolon (Abyss:1)
  A crystal guardian (Vaults:2)
  2 fire dragons
  A rakshasa (Depths:2)
  A centaur warrior (D:13)
  4 dancing weapons
  2 tengu warriors
  2 deep troll earth magi
  A spriggan berserker (Depths:4)
  A sun demon (Pan)
  4 hell knights
  2 iron trolls (Depths:3)
  3 skeletal warriors
  A salamander mystic (Depths:1)
  2 deep trolls
  2 swamp dragons (Zig:15)
  A phantasmal warrior (Crypt:3)
  An orc knight (D:15)
  A deep elf pyromancer (Elf:1)
  2 deep elf zephyrmancers (Elf:1)
  An orb spider (Zig:24)
  2 wolf spiders
  A moth of wrath (Zig:20)
  A salamander (Depths:1)
  A cyclops (D:14)
  2 torpor snails (Zig:27)
  A kobold demonologist (D:14)
  An efreet (D:14)
  5 demonic crawlers
  2 yaktaurs
  An iron troll zombie (Crypt:3)
  2 guardian mummies (Tomb:2)
  A spectral merfolk (Shoals:2)
  A merfolk (Shoals:4)
  3 jumping spiders
  3 hornets (Spider:4)
  A dream sheep (Shoals:4)
  2 redbacks
  4 tarantellas
  An ushabti (Tomb:2)
  2 water elementals
  A fire elemental (Elf:1)
  4 vampire mosquitoes (D:13)
  2 acid dragons (Zig:26)
  A water moccasin (D:10)
  A necrophage (Crypt:3)
  An earth elemental (Elf:3)
  A lava snake (Lair:2)
  5 mummies (Tomb:2)
  A river rat (shapeshifter) (Depths:5)
  4 fire vortices
  6 foxfires
148 creatures vanquished.

Vanquished Creatures (others)
  A lich (Pan)
  An Executioner (Zig:21)
  A sphinx (Tomb:1)
  A draconian annihilator (Pan)
  A black sun (Zig:14)
  A spark wasp (Zig:24)
  A blizzard demon (Pan)
  An eidolon (Zig:14)
  A merfolk aquamancer (Shoals:4)
  2 sixfirhies (Pan)
  2 wizards (Pan)
  A deep elf pyromancer (Elf:1)
  A glowing orange brain (Pan)
  A yaktaur (Vaults:2)
  A demonic crawler (Zig:24)
  3 hellwings
  A small abomination (Abyss:4)
  A water elemental (Zig:25)
  A human (Shoals:4)
  An orc (D:7)
  20 ball lightnings
  3 blocks of ice (Pan)
  2 bushes
  A demonic plant (Gauntlet)
  262 fire vortices
  1180 foxfires
  47 fungi
  439 plants
  16 starspawn tentacles
1994 creatures vanquished.

Grand Total: 6232 creatures vanquished

Notes
Turn   | Place    | Note
-------+----------+-------------------------------------------
     0 | D:1      | iamoutofideas the Deep Elf Fire Elementalist began the
                  | quest for the Orb.
     0 | D:1      | Reached XP level 1. HP: 10/10 MP: 6/6
   270 | D:1      | Reached XP level 2. HP: 15/15 MP: 5/8
  1074 | D:2      | Found Ozikop's Book Shop.
  1127 | D:2      | Reached XP level 3. HP: 19/19 MP: 8/10
  1244 | D:2      | Noticed an ogre
  1276 | D:2      | Killed an ogre
  1277 | D:2      | Reached XP level 4. HP: 24/24 MP: 4/12
  1344 | D:2      | Learned a level 4 spell: Sticky Flame
  1521 | D:2      | Learned a level 3 spell: Conjure Flame
  1751 | D:2      | Reached XP level 5. HP: 28/28 MP: 11/14
  1814 | D:2      | Found Nuferch's General Store.
  1831 | D:2      | Bought a potion of curing for 39 gold pieces
  1869 | D:2      | Reached skill level 5 in Spellcasting
  2137 | D:3      | Found a faded altar of an unknown god.
  2196 | D:2      | Bought a scroll of identify for 26 gold pieces
  2305 | D:3      | Learned a level 5 spell: Fireball
  3376 | D:4      | Reached skill level 5 in Fire Magic
  3506 | D:4      | Found Poed's Antique Armour Shop.
  3881 | D:4      | Reached XP level 6. HP: 32/32 MP: 12/16
  4098 | D:5      | Entered Level 5 of the Dungeon
  4316 | D:5      | Found a sand-covered staircase.
  4412 | Ossuary  | Entered an ossuary
  5127 | D:5      | Found a snail-covered altar of Cheibriados.
  5139 | D:5      | Reached XP level 7. HP: 32/36 MP: 13/19
  5460 | D:5      | Found a basalt altar of Yredelemnul.
  6961 | D:6      | Reached XP level 8. HP: 27/42 MP: 3/22
  7170 | D:6      | Found a staircase to the Ecumenical Temple.
  7203 | Temple   | Entered the Ecumenical Temple
  7337 | Temple   | Became a worshipper of Vehumet
  7888 | D:6      | Reached skill level 1 in Shields
  8830 | D:7      | Reached skill level 5 in Conjurations
  8848 | D:7      | Found Idduydis's General Store.
  8881 | D:7      | Bought a scroll of fog for 26 gold pieces
  8881 | D:7      | Bought a scroll of identify for 26 gold pieces
  9101 | D:7      | Reached * piety under Vehumet
  9101 | D:7      | Offered knowledge of Freeze by Vehumet.
  9366 | D:7      | Reached XP level 9. HP: 41/46 MP: 20/24
  9556 | D:7      | Found a hide-covered altar of Uskayaw.
  9841 | D:7      | Found a shimmering altar of Xom.
  9850 | D:7      | Found a blossoming altar of Fedhas.
  9894 | D:8      | Noticed Psyche
  9902 | D:8      | Killed Psyche
 10146 | D:8      | Paralysed by a hornet for 2 turns
 10148 | D:8      | Reached skill level 10 in Spellcasting
 10560 | D:8      | Reached skill level 1 in Fighting
 10731 | D:8      | Offered knowledge of Poisonous Vapours by Vehumet.
 10739 | D:8      | Learned a level 6 spell: Statue Form
 10745 | D:8      | Learned a level 5 spell: Bolt of Magma
 10766 | D:8      | Reached ** piety under Vehumet
 10843 | D:8      | Noticed Maurice
 11177 | D:8      | Noticed Erica
 11187 | D:8      | Killed Erica
 11188 | D:8      | Reached XP level 10. HP: 34/53 MP: 17/27
 11360 | D:8      | Got Ropobate's Compendium of Beguiling
 11474 | D:8      | Killed Maurice
 12880 | D:9      | Found Coved's Weapon Shop.
 13029 | D:10     | Entered Level 10 of the Dungeon
 13440 | D:10     | Noticed Snorg
 13449 | D:10     | Found a staircase to the Lair.
 13469 | D:10     | Reached skill level 1 in Armour
 13796 | D:10     | Noticed Harold
 13803 | D:10     | Killed Harold
 14110 | D:10     | Found a staircase to the Orcish Mines.
 14355 | D:10     | Killed Snorg
 14356 | D:10     | Reached skill level 5 in Dodging
 14356 | D:10     | Reached XP level 11. HP: 38/57 MP: 4/30
 14491 | D:10     | Found Higipn's Serpentskin Sales.
 14627 | D:10     | Offered knowledge of Searing Ray by Vehumet.
 14896 | D:10     | Reached skill level 10 in Fire Magic
 14897 | D:10     | Noticed Grum
 14903 | D:10     | Killed Grum
 15829 | D:11     | Reached *** piety under Vehumet
 15906 | D:11     | Noticed a two-headed ogre
 15912 | D:11     | Killed a two-headed ogre
 16055 | D:11     | Noticed a two-headed ogre
 16068 | D:11     | Killed a two-headed ogre
 16454 | D:11     | Found a hide-covered altar of Uskayaw.
 16536 | D:11     | Noticed Josephine
 16786 | D:11     | Killed Josephine
 16884 | D:11     | Noticed Gastronok
 17357 | D:11     | Killed Gastronok
 17358 | D:11     | Reached skill level 10 in Conjurations
 17358 | D:11     | Reached XP level 12. HP: 62/62 MP: 9/32
 18221 | D:12     | Offered knowledge of Iskenderun's Mystic Blast by Vehumet.
 18368 | D:12     | Noticed a death knight
 18506 | D:11     | Reached skill level 15 in Spellcasting
 18569 | D:12     | Found a runed translucent gate.
 18569 | D:12     | Found a runed translucent gate.
 18569 | D:12     | Found a runed translucent gate.
 18574 | D:12     | Noticed a quicksilver ooze
 18576 | D:12     | Noticed Xolotl's ghost (journeyman DjWz)
 18588 | D:12     | Found a viscous altar of Jiyva.
 19150 | D:7      | Bought a staff of fire for 325 gold pieces
 19766 | D:12     | Killed a death knight
 20359 | Lair:1   | Entered Level 1 of the Lair of Beasts
 20363 | Lair:1   | Learned a level 2 spell: Slow
 20616 | Lair:1   | Found a dark tunnel.
 20630 | Lair:1   | Noticed an eight-headed hydra
 20634 | Lair:1   | Killed an eight-headed hydra
 20993 | D:10     | Identified 2 scrolls of acquirement
 20996 | D:10     | Acquired the Guide on Attacks
 21006 | D:10     | Learned a level 7 spell: Spellforged Servitor
 21006 | D:10     | Acquired the ring of Hing {Will- rCorr Str+4 Int+6 Stlth+}
 21890 | Lair:2   | Noticed a boulder beetle
 22016 | Lair:1   | Reached **** piety under Vehumet
 22017 | Lair:1   | Reached XP level 13. HP: 33/68 MP: 2/34
 22262 | Lair:2   | Learned a level 4 spell: Leda's Liquefaction
 22275 | Lair:2   | Offered knowledge of Ignite Poison by Vehumet.
 23563 | Lair:2   | Found a runed translucent door.
 23599 | Lair:2   | vault here
 23693 | Lair:3   | Learned a level 5 spell: Lee's Rapid Deconstruction
 24731 | Lair:3   | Identified the +3 scimitar of Wyrd {freeze, rF++ MP+9 Str-4
                  | Stlth+}
 24764 | Lair:4   | Found a staircase to the Shoals.
 25153 | Lair:4   | Reached ***** piety under Vehumet
 25281 | Lair:4   | Offered knowledge of Eringya's Noxious Bog by Vehumet.
 25909 | Lair:4   | Found a hole to the Spider Nest.
 26231 | Lair:5   | Reached XP level 14. HP: 72/72 MP: 31/37
 26237 | Lair:5   | Learned a level 2 spell: Blink
 26586 | Lair:5   | Reached skill level 1 in Earth Magic
 27320 | Lair:6   | Entered Level 6 of the Lair of Beasts
 28327 | Lair:6   | Offered knowledge of Ozocubu's Refrigeration by Vehumet.
 28328 | Lair:6   | Reached skill level 1 in Translocations
 28397 | Lair:6   | Noticed Nessos
 29433 | Lair:6   | Reached skill level 1 in Hexes
 29472 | Lair:6   | Reached skill level 15 in Fire Magic
 29745 | Lair:6   | Found a viscous altar of Jiyva.
 29745 | Lair:6   | Found a staircase to the Slime Pits.
 29801 | Lair:6   | Killed Nessos
 29802 | Lair:6   | Reached XP level 15. HP: 59/76 MP: 26/40
 29895 | Lair:6   | Reached skill level 1 in Evocations
 31082 | Orc:1    | Entered Level 1 of the Orcish Mines
 31082 | Orc:1    | Noticed Fannar
 31085 | Orc:1    | Killed Fannar
 31099 | Orc:1    | Noticed Sonja
 31101 | Orc:1    | Killed Sonja
 31260 | Orc:2    | Entered Level 2 of the Orcish Mines
 31420 | Orc:2    | Found a staircase to the Elven Halls.
 31565 | Orc:2    | Learned a level 7 spell: Dragon Form
 32289 | Orc:2    | Paralysed by an orc sorcerer for 7 turns
 32534 | Orc:2    | Offered knowledge of Iron Shot by Vehumet.
 32544 | Orc:2    | Learned a level 6 spell: Iron Shot
 32880 | Orc:2    | Found Zumisa's General Store.
 32880 | Orc:2    | Found Asueb's Book Boutique.
 32883 | Orc:2    | Found Uzesof's General Store.
 32883 | Orc:2    | Found Sumy's Assorted Antiques.
 32902 | Orc:2    | Bought a scroll of blinking for 127 gold pieces
 32902 | Orc:2    | Bought a scroll of blinking for 127 gold pieces
 32906 | Orc:2    | Bought a scroll of amnesia for 49 gold pieces
 32911 | Orc:2    | Bought a book of Fire for 704 gold pieces
 33030 | Orc:2    | Learned a level 8 spell: Ignition
 34093 | D:12     | Killed Xolotl's ghost
 34878 | D:13     | Noticed a storm dragon
 34882 | D:13     | Killed a storm dragon
 34917 | D:13     | Reached ****** piety under Vehumet
 35360 | D:13     | Offered knowledge of Freezing Cloud by Vehumet.
 35366 | D:13     | Reached skill level 1 in Summonings
 35373 | D:13     | Learned a level 5 spell: Freezing Cloud
 35614 | D:13     | Noticed an orc warlord
 35615 | D:13     | Killed an orc warlord
 35616 | D:13     | Reached XP level 16. HP: 84/84 MP: 42/42
 35907 | D:14     | Noticed Rupert
 35911 | D:14     | Killed Rupert
 35985 | D:14     | Found a gate to the Vaults.
 36082 | D:14     | Found a gate leading to a gauntlet.
 36093 | Gauntlet | Entered a Gauntlet
 36093 | Gauntlet | Found a transporter.
 36093 | Gauntlet | Found a transporter.
 36093 | Gauntlet | Found a runed translucent door.
 36093 | Gauntlet | Found a runed translucent door.
 36160 | Gauntlet | Found a transporter.
 36164 | Gauntlet | Found a transporter.
 36176 | Gauntlet | Found a transporter.
 36180 | Gauntlet | Found a transporter.
 36187 | Gauntlet | Found a transporter.
 36197 | Gauntlet | Found the brooch of Shielding {Spirit SH+8}
 36199 | Gauntlet | Found a transporter.
 36203 | Gauntlet | Found a runed translucent door.
 36217 | Gauntlet | Found a transporter.
 36218 | Gauntlet | Found a transporter.
 36226 | Gauntlet | Found a transporter.
 36230 | Gauntlet | Found a transporter.
 36476 | Gauntlet | Identified the ring "Fisch" {Ice Str+4}
 36589 | Gauntlet | Identified the +5 cloak of the Tundras {Str+2}
 36663 | Gauntlet | Got the Collected Works on Displacement
 37404 | D:14     | Reached skill level 15 in Conjurations
 37425 | D:14     | Got Gimukh's Handbook of Scorching Clay
 38239 | D:15     | Entered Level 15 of the Dungeon
 38893 | D:15     | Found a staircase to the Depths.
 39052 | D:15     | Reached skill level 5 in Fighting
 39053 | D:15     | Offered knowledge of Yara's Violent Unravelling by Vehumet.
 39703 | Lair:2   | Found a runed translucent gate.
 39703 | Lair:2   | Found a runed translucent gate.
 39703 | Lair:2   | Found a runed translucent gate.
 39703 | Lair:2   | Found a runed translucent gate.
 39703 | Lair:2   | Found a runed translucent gate.
 39703 | Lair:2   | Found a runed translucent gate.
 39859 | Lair:2   | Reached skill level 5 in Earth Magic
 39862 | Lair:2   | Reached skill level 1 in Transmutations
 40309 | Spider:1 | Entered Level 1 of the Spider Nest
 40330 | Shoals:1 | Entered Level 1 of the Shoals
 40817 | Shoals:1 | Noticed Jorgrun
 40823 | Shoals:1 | Killed Jorgrun
 40935 | Shoals:1 | Found a runed translucent door.
 40935 | Shoals:1 | Found a shimmering altar of Xom.
 40935 | Shoals:1 | Noticed Whoops's ghost (adept GrFi)
 40936 | Shoals:1 | Identified the +7 demon trident of Instant Death {chaos,
                  | Dex+2}
 41831 | Shoals:2 | Reached XP level 17. HP: 55/92 MP: 3/44
 42366 | Shoals:2 | Found a runed translucent gate.
 42367 | Shoals:2 | Found a runed translucent gate.
 42368 | Shoals:2 | Found a runed translucent gate.
 42369 | Shoals:2 | Noticed Niragaru's ghost (adept TeBr)
 42439 | Shoals:2 | Killed Niragaru's ghost
 42593 | Shoals:2 | Identified the +2 pair of boots of Keibyph {Str-2 Int+4
                  | Stlth+}
 43496 | Shoals:3 | Found Baossogi's Antique Weapon Boutique.
 44106 | Shoals:4 | Entered Level 4 of the Shoals
 44108 | Shoals:4 | Noticed Kirke
 44111 | Shoals:4 | Offered knowledge of Orb of Destruction by Vehumet.
 44113 | Shoals:4 | Killed Kirke
 44205 | Shoals:4 | Identified Roxanne's Tome of Transmutation
 44205 | Shoals:4 | Noticed Roxanne
 44283 | Shoals:3 | Learned a level 7 spell: Orb of Destruction
 44589 | Shoals:4 | Noticed Ilsuiw
 44614 | Shoals:4 | Killed Ilsuiw
 44766 | Shoals:4 | Reached skill level 5 in Transmutations
 44822 | Shoals:4 | Killed Roxanne
 45235 | Shoals:4 | Reached skill level 5 in Armour
 45353 | Shoals:4 | Got the Catalogue of the New World
 46061 | Shoals:4 | Got a barnacled rune of Zot
 46328 | Shoals:4 | Identified the +1 scale mail of Sated {rN+}
 46965 | Spider:1 | Reached XP level 18. HP: 96/96 MP: 8/46
 48756 | Spider:1 | Acquired the Papyrus of Altruism
 48762 | Spider:1 | Learned a level 3 spell: Swiftness
 49154 | Spider:1 | Learned a level 4 spell: Cause Fear
 49202 | Spider:2 | Noticed Donald
 49206 | Spider:2 | Killed Donald
 49271 | Spider:2 | Offered knowledge of Lehudib's Crystal Spear by Vehumet.
 49655 | Spider:2 | Gained mutation: You sometimes lose the ability to read
                  | scrolls when taking damage. [mutagenic glow]
 49725 | Spider:2 | Lost mutation: You sometimes lose the ability to read
                  | scrolls when taking damage. [potion of mutation]
 49725 | Spider:2 | Gained mutation: You are strong-willed. (Will+) [potion of
                  | mutation]
 49725 | Spider:2 | Gained mutation: You have sharp toenails. [potion of
                  | mutation]
 50142 | Spider:2 | Noticed Agnes
 50150 | Spider:2 | Killed Agnes
 50177 | Spider:2 | Acquired the Almanac of Destructive Darkness
 51845 | Spider:3 | Offered knowledge of Lehudib's Crystal Spear by Vehumet.
 51845 | Spider:3 | Offered knowledge of Shatter by Vehumet.
 51845 | Spider:3 | Offered knowledge of Polar Vortex by Vehumet.
 51846 | Spider:3 | Reached skill level 10 in Earth Magic
 52122 | Spider:4 | Entered Level 4 of the Spider Nest
 52980 | Spider:4 | Reached skill level 10 in Dodging
 53998 | Spider:4 | Reached XP level 19. HP: 101/101 MP: 3/47
 54395 | Spider:4 | Reached skill level 5 in Hexes
 54654 | Spider:4 | Got a gossamer rune of Zot
 55126 | Elf:1    | Entered Level 1 of the Elven Halls
 56261 | Elf:1    | Identified the +4 rapier "Zosylats" {spect, Will++ Str+4}
 56389 | Elf:1    | Identified the +3 ring mail of the Bard {Rampage rElec rN++
                  | Int-3}
 56961 | Elf:2    | Found a crumbling gateway.
 57431 | Elf:2    | Found a shimmering blue altar of Sif Muna.
 57438 | Elf:2    | Identified the +2 leather armour of Focus {Contam Harm rF+}
 57643 | Elf:2    | Found a huge runed translucent gate.
 57643 | Elf:2    | Found a huge runed translucent gate.
 57643 | Elf:2    | Found a huge runed translucent gate.
 57643 | Elf:2    | Found a huge runed translucent gate.
 57644 | Elf:2    | Found a huge runed translucent gate.
 57845 | Elf:3    | Entered Level 3 of the Elven Halls
 59218 | Elf:3    | Reached XP level 20. HP: 90/106 MP: 47/50
 59309 | Elf:3    | Reached skill level 5 in Shields
 59688 | Elf:3    | Identified the +7 war axe of Noewnuwn {spect, rN+}
 59689 | Elf:3    | Identified the +5 broad axe of Mayhem {flame, rPois}
 59701 | Elf:3    | Got the Guide on Enchantment
 59703 | Elf:3    | Got the Reference Book on the Dusty Compass
 59705 | Elf:3    | Got Kikubaaqudgha's Volume of Darkness
 59739 | Elf:3    | Identified the +5 shortbow of Qeischips {venom, rElec rPois
                  | rF- SInv}
 60111 | Depths:1 | Entered Level 1 of the Depths
 60626 | Vaults:1 | Entered Level 1 of the Vaults
 62747 | Vaults:2 | Noticed Margery
 62758 | Vaults:2 | Killed Margery
 62955 | Vaults:1 | Learned a level 9 spell: Fire Storm
 63375 | Vaults:2 | Reached XP level 21. HP: 111/111 MP: 19/52
 63977 | Vaults:2 | Noticed Mara
 63983 | Vaults:2 | Killed Mara
 64544 | Vaults:2 | Found a staircase to the Crypt.
 64691 | Vaults:2 | You fall into a shaft and drop 2 floors!
 67021 | Vaults:3 | Reached skill level 27 in Spellcasting
 67224 | Vaults:3 | Noticed Boris
 67224 | Vaults:3 | You fall into a shaft and drop 1 floor!
 67368 | Vaults:3 | Reached XP level 22. HP: 116/116 MP: 49/55
 67522 | Vaults:3 | Identified the +3 hand axe "Temoecvoe" {antimagic, rF+++
                  | Will+ Dex-4 Stlth+}
 67858 | Vaults:3 | Killed Boris
 68355 | Vaults:3 | Found Fas Tun's Book Shop.
 68972 | Vaults:2 | Identified the +0 robe of Zin's Approval {Harm Str+4 Dex+3}
 69319 | Shoals:1 | Killed Whoops's ghost
 70071 | Depths:1 | Found a gateway to a ziggurat.
 70075 | Depths:1 | Found a gateway to Hell.
 70911 | Depths:1 | Found Luceesh's Assorted Antiques.
 70918 | Depths:1 | Bought a potion of curing for 111 gold pieces
 70918 | Depths:1 | Bought the +7 Kryia's mail coat {PotionHeal*2 rC+} for 2220
                  | gold pieces
 70918 | Depths:1 | Found the +7 Kryia's mail coat {PotionHeal*2 rC+}
 72145 | Depths:2 | Identified the -1 cloak of Hepliaklqana's Pride {Str+2}
 72636 | Depths:2 | Acquired the amulet "Xisoq" {rC+++ Regen+ Int+2 Slay-6
                  | SInv}
 73217 | Depths:2 | Found an ornate altar of the Wu Jian Council.
 73217 | Depths:2 | Identified the +6 broad axe "Jellybane" {vamp, Will+}
 73294 | Depths:2 | Reached XP level 23. HP: 124/124 MP: 32/56
 73776 | Depths:3 | Noticed Saint Roka
 73954 | Depths:3 | Killed Saint Roka
 73975 | Depths:3 | Noticed a juggernaut
 73986 | Depths:2 | Killed a juggernaut
 74432 | Depths:3 | Found a one-way gate leading to the halls of Pandemonium.
 74813 | Depths:3 | Found Qeshri Imoni's Book Emporium.
 74813 | Depths:3 | Found Umpoff's Jewellery Boutique.
 74813 | Depths:3 | Found the +2 ratskin cloak {*Rats rPois rN+ Str-1 Int-1
                  | Dex+1}
 74826 | Depths:3 | Found Nalih's Book Emporium.
 76182 | Depths:4 | Noticed Louise
 76184 | Depths:4 | Killed Louise
 76328 | Depths:4 | Found a one-way gate to the infinite horrors of the Abyss.
 77740 | Depths:5 | Entered Level 5 of the Depths
 78077 | Depths:5 | Reached XP level 24. HP: 134/134 MP: 36/56
 78273 | Depths:4 | Learned a level 9 spell: Shatter
 78297 | Depths:5 | Found a shadowy altar of Dithmenos.
 78297 | Depths:5 | Found Qerch's Antique Weapon Shoppe.
 78803 | Depths:5 | Found Kiekeeph's Armour Boutique.
 79647 | Depths:5 | Found a runed translucent door.
 79652 | Depths:5 | Found a runed translucent door.
 79662 | Depths:5 | Found a runed translucent door.
 79662 | Depths:5 | Found a runed translucent door.
 79882 | Depths:5 | Reached skill level 10 in Transmutations
 80022 | Depths:5 | Found a runed translucent door.
 80022 | Depths:5 | Found a runed translucent door.
 80125 | Depths:5 | Found a gate to the Realm of Zot.
 80663 | D:15     | Acquired the +0 pair of boots of Experimentation {rCorr
                  | Str+3 Dex-5}
 80829 | Crypt:1  | Entered Level 1 of the Crypt
 81945 | Crypt:2  | Noticed Bai Suzhen
 81949 | Crypt:2  | Killed Bai Suzhen
 82329 | Crypt:2  | Acquired the ring of Rewnew {Fire Will++ Int+4 Dex-4}
 82591 | Depths:3 | Bought the ring of the Median {rC- rN++ Str+4 Dex+6} for
                  | 1315 gold pieces
 83462 | Crypt:2  | Found a burning altar of Makhleb.
 83474 | Crypt:2  | Found a glowing golden altar of the Shining One.
 83824 | Crypt:3  | Entered Level 3 of the Crypt
 83824 | Crypt:3  | Noticed an ancient lich
 83827 | Crypt:3  | Killed an ancient lich
 84858 | Crypt:3  | Reached XP level 25. HP: 140/140 MP: 56/56
 85104 | Crypt:3  | Found a basalt altar of Yredelemnul.
 85146 | Crypt:3  | Reached skill level 1 in Staves
 85498 | Crypt:3  | Noticed Jory
 85510 | Crypt:3  | Killed Jory
 85751 | Crypt:3  | Identified the +1 leather armour of Legoesh {rF+}
 86440 | Crypt:3  | Found the +9 sword of Zonguldrok {reap}
 86850 | Crypt:3  | Found a staircase to the Tomb.
 86995 | Crypt:3  | Noticed a dread lich
 86998 | Crypt:3  | Killed a dread lich
 87098 | Crypt:3  | Identified the -2 buckler "Gacs" {rN++ Dex+3}
 87620 | Vaults:5 | Entered Level 5 of the Vaults
 87627 | Vaults:5 | Identified the amulet of Fosiyl {Regen+ Str-2 SInv Stlth+}
 87930 | Vaults:5 | Identified the +8 dire flail of Anxiety {antimagic, rCorr
                  | Int+2 Dex-2}
 87934 | Vaults:5 | Reached XP level 26. HP: 145/145 MP: 41/56
 88090 | Vaults:5 | Noticed an ancient lich
 88096 | Vaults:5 | Killed an ancient lich
 88796 | Vaults:5 | Identified the +11 mace of the Beast {drain, rF+}
 89230 | Vaults:5 | Noticed a dread lich
 89234 | Vaults:5 | Killed a dread lich
 89470 | Vaults:5 | Identified the amulet "Edoa" {Regen+ Str+5}
 89473 | Vaults:5 | Got a silver rune of Zot
 89478 | Vaults:5 | Identified the +3 scale mail "Qyeming" {rPois}
 89876 | Vaults:5 | Identified the ring of Weumedgh {AC+4 Int+3 Slay-4}
 90805 | Orc:2    | Bought a potion of curing for 105 gold pieces
 90806 | Orc:2    | Bought a scroll of fear for 59 gold pieces
 90820 | Orc:2    | Bought a potion of mutation for 136 gold pieces
 91071 | D:2      | Bought a potion of curing for 39 gold pieces
 91071 | D:2      | Bought a potion of brilliance for 52 gold pieces
 91548 | Slime:1  | Entered Level 1 of the Pits of Slime
 91736 | Slime:2  | Reached skill level 15 in Dodging
 92009 | Slime:5  | Entered Level 5 of the Pits of Slime
 92030 | Slime:5  | Noticed the Royal Jelly
 92071 | Slime:5  | Found a viscous altar of Jiyva.
 92072 | Slime:5  | Found the +7 Singing Sword {vorpal, sonic wave}
 92242 | Slime:5  | Reached skill level 27 in Fire Magic
 92278 | Slime:5  | Killed the Royal Jelly
 92284 | Slime:5  | Reached skill level 15 in Earth Magic
 92397 | Slime:5  | Identified the amulet "Misiluho" {RegenMP Dex+2}
 92399 | Slime:5  | Identified the +3 leather armour of Follow the Leader
                  | {*Corrode rC+ SInv}
 92422 | Slime:5  | Got a slimy rune of Zot
 92449 | Slime:5  | Identified the ring of Poshras {rPois Int+8}
 92479 | Slime:5  | Identified the amulet of Coronation {RegenMP rC+ Str+2
                  | Dex+4}
 92481 | Slime:5  | Identified the +0 plate armour of Soudouri {Harm rN+ Will-
                  | Dex+6}
 92499 | Slime:5  | Got the Collected Works on the Dusty Birds
 92806 | Slime:5  | Reached skill level 1 in Air Magic
 93079 | Slime:2  | Gained mutation: Your magical capacity is low. (-10% MP) [a
                  | shining eye]
 93082 | Slime:2  | Lost mutation: Your magical capacity is low. (-10% MP)
                  | [potion of mutation]
 93082 | Slime:2  | Lost mutation: You have sharp toenails. [potion of
                  | mutation]
 93082 | Slime:2  | Gained mutation: You are agile. (Dex +2) [potion of
                  | mutation]
 93082 | Slime:2  | Gained mutation: You sometimes lose the ability to read
                  | scrolls when taking damage. [potion of mutation]
 93082 | Slime:2  | Gained mutation: Your system is resistant to poisons.
                  | (rPois) [potion of mutation]
 93083 | Slime:2  | Lost mutation: You sometimes lose the ability to read
                  | scrolls when taking damage. [potion of mutation]
 93083 | Slime:2  | Lost mutation: You are agile. (Dex +2) [potion of mutation]
 93083 | Slime:2  | Lost mutation: You are strong-willed. (Will+) [potion of
                  | mutation]
 93083 | Slime:2  | Gained mutation: Your natural rate of healing is unusually
                  | fast. [potion of mutation]
 93539 | Depths:4 | Voluntarily entered the Abyss.
 93659 | Abyss:1  | Acquired the +2 buckler of Tartarus {rPois Int+7}
 93962 | Abyss:2  | Reached XP level 27. HP: 151/151 MP: 51/56
 94052 | Abyss:3  | Noticed an ancient lich
 94057 | Abyss:3  | Killed an ancient lich
 94131 | Abyss:3  | Got an abyssal rune of Zot
 94509 | Abyss:4  | Reached skill level 10 in Fighting
 94722 | Abyss:5  | Entered Level 5 of the Abyss
 94722 | Abyss:5  | Found a corrupted altar of Lugonu.
 94761 | Depths:4 | Escaped the Abyss
 95088 | Zot:1    | Entered Level 1 of the Realm of Zot
 95122 | Zot:1    | Identified the +6 arbalest of Day {freeze, rN+ Str+3 Int-3}
 96002 | Zot:1    | You fall into a shaft and drop 1 floor!
 97073 | Zot:1    | HP: 3/153 [disintegration[the player character] (56)]
 97291 | Hell     | Entered the Vestibule of Hell
 97291 | Hell     | Noticed Geryon
 97299 | Hell     | Killed Geryon
 97682 | Zig:1    | Entered Level 1 of a ziggurat
 97707 | Zig:2    | Entered Level 2 of a ziggurat
 97785 | Zig:3    | Entered Level 3 of a ziggurat
 97828 | Zig:4    | Entered Level 4 of a ziggurat
 97942 | Zig:5    | Entered Level 5 of a ziggurat
 98057 | Zig:5    | Identified the amulet of Rygyisch {Acrobat rF+}
 98068 | Zig:6    | Entered Level 6 of a ziggurat
 98071 | Zig:6    | Noticed an orb of fire
 98071 | Zig:6    | Gained mutation: You occasionally shout uncontrollably at
                  | your foes. [an orb of fire]
 98080 | Zig:6    | Killed an orb of fire
 98087 | Zig:6    | Identified the amulet of Xom's Flight of Fancy {RegenMP rC+
                  | SInv}
 98091 | Zig:6    | Identified the +11 spear of Pinoojeci {protect, *Noise
                  | rElec rF+++ rC-}
 98113 | Zig:6    | Identified the +7 short sword "Poicheov" {freeze, rPois}
 98117 | Zig:7    | Entered Level 7 of a ziggurat
 98137 | Zig:7    | Identified the ring of Foirulas {Will+ MP+9 Slay+4 SInv}
 98157 | Zig:8    | Entered Level 8 of a ziggurat
 98187 | Zig:8    | Identified the +2 falchion of Besmixuf {holy, Str-3 Dex+5
                  | Stlth+}
 98310 | Zig:9    | Entered Level 9 of a ziggurat
 98319 | Zig:9    | Found the +8 lance "Wyrmbane" {slay drac, rPois rF+ rC+
                  | AC+3}
 98353 | Zig:10   | Entered Level 10 of a ziggurat
 98364 | Zig:10   | Found the +8 arc blade {discharge, rElec}
 98367 | Zig:10   | Reached skill level 10 in Shields
 98368 | Zig:10   | Found the +6 arbalest "Damnation" {damnation}
 98402 | Zig:11   | Entered Level 11 of a ziggurat
 98438 | Zig:11   | Identified the +1 ring mail of Distant Shores {rElec rC-
                  | Stlth+}
 98440 | Zig:11   | Identified the ring "Ymufiuf" {rPois Str+10}
 98454 | Zig:11   | Identified the +3 flail "Irasyuco" {spect, rN+ rCorr}
 98507 | Zig:12   | Entered Level 12 of a ziggurat
 98616 | Zig:12   | Learned a level 6 spell: Death Channel
 98620 | Zig:13   | Entered Level 13 of a ziggurat
 98630 | Zig:13   | Noticed a dread lich
 98633 | Zig:13   | Killed a dread lich
 98634 | Zig:13   | Noticed an ancient lich
 98636 | Zig:13   | Noticed an ancient lich
 98637 | Zig:13   | Killed an ancient lich
 98638 | Zig:13   | Killed an ancient lich
 98654 | Zig:13   | Identified the +11 trident "Nobbaat" {vorpal, Will+}
 98655 | Zig:13   | Identified the +1 robe of Old and Reckless {Dex+4}
 98684 | Zig:14   | Entered Level 14 of a ziggurat
 98697 | Zig:14   | Noticed Renzlar's ghost (veteran GnFi)
 98697 | Zig:14   | Noticed Kufiz's ghost (master GrCK)
 98697 | Zig:14   | Noticed Ekeiwkem's ghost (legendary DsFi)
 98697 | Zig:14   | Noticed Diezoyro's ghost (legendary DDNe)
 98699 | Zig:14   | Noticed lmSkywalker's ghost (adept DrTm)
 98700 | Zig:14   | Noticed Frod's ghost (legendary DgIE)
 98702 | Zig:14   | Noticed Xutext's ghost (adept DsAK)
 98708 | Zig:14   | Found the +8 demon blade "Leech" {vamp, *Rage +Rage rN+}
 98709 | Zig:14   | Killed lmSkywalker's ghost
 98709 | Zig:14   | Killed Xutext's ghost
 98711 | Zig:14   | Identified the +7 fire dragon scales "Ampatay" {rF++ rC-
                  | Int+5}
 98714 | Zig:15   | Entered Level 15 of a ziggurat
 98786 | Zig:15   | Identified the +7 scimitar of Dissolution {freeze, rCorr}
 98801 | Zig:15   | Got the Guide on Beguiling
 98894 | Zig:16   | Entered Level 16 of a ziggurat
 98913 | Zig:16   | Found the +8 trident of the Octopus King {venom, rElec
                  | rPois Will+}
 98937 | Zig:16   | Identified the ring "Daff" {Wiz rF+}
 98993 | Zig:17   | Entered Level 17 of a ziggurat
 98998 | Zig:17   | Paralysed by a floating eye for 4 turns
 99041 | Zig:17   | Found the +2 shield of Resistance {rF++ rC++ Will++}
 99047 | Zig:17   | Identified the amulet of Hueffa {Spirit Harm rF+}
 99106 | Zig:18   | Entered Level 18 of a ziggurat
 99176 | Zig:18   | Found the +5 scythe "Finisher" {speed, eviscerate}
 99188 | Zig:18   | Identified the +8 mace "Ezyod" {venom, Drain rN++ rCorr
                  | Str+3}
 99264 | Zig:18   | Identified the +3 battleaxe of Tosinlae {freeze, rElec
                  | Str+5 Dex+2 SInv}
 99274 | Zig:19   | Entered Level 19 of a ziggurat
 99296 | Zig:19   | Noticed a dread lich
 99296 | Zig:19   | Noticed a dread lich
 99296 | Zig:19   | Noticed an ancient lich
 99299 | Zig:19   | Killed a dread lich
 99299 | Zig:19   | Killed an ancient lich
 99301 | Zig:19   | Killed a dread lich
 99351 | Zig:19   | Identified the ring "Danainum" {rPois MP+9 Str-4 Int+6
                  | Stlth+}
 99407 | Zig:20   | Entered Level 20 of a ziggurat
 99420 | Zig:20   | Noticed a juggernaut
 99421 | Zig:20   | Noticed a juggernaut
 99428 | Zig:20   | Killed a juggernaut
 99428 | Zig:20   | Killed a juggernaut
 99434 | Zig:20   | Noticed a juggernaut
 99436 | Zig:20   | Noticed a juggernaut
 99440 | Zig:20   | Killed a juggernaut
 99440 | Zig:20   | Killed a juggernaut
 99440 | Zig:20   | Noticed a juggernaut
 99447 | Zig:20   | Killed a juggernaut
 99465 | Zig:20   | Identified the ring of Seawim {rElec rPois rN+ Will- rCorr}
 99494 | Zig:20   | Identified the +6 battleaxe of Impeachment {holy, Fly
                  | Str+4}
 99512 | Zig:20   | Identified the amulet of Wisdom {Reflect Harm rCorr SH+5}
 99514 | Zig:20   | Identified the +11 trident of Resonant Honour {vorpal,
                  | +Rage Str+4}
 99543 | Zig:21   | Entered Level 21 of a ziggurat
 99585 | Zig:21   | Reached skill level 15 in Shields
 99588 | Zig:21   | Noticed Cipuepepp the pandemonium lord
 99594 | Zig:21   | Killed Cipuepepp the pandemonium lord
 99607 | Zig:21   | Reached skill level 1 in Necromancy
 99657 | Zig:21   | Identified the +7 morningstar "Byetiar" {flame, rElec rPois
                  | Str+2}
 99673 | Zig:21   | Identified the ring "Jiliegg" {rPois rF++ rN+ Will+}
 99678 | Zig:21   | Identified the +0 robe of Gozag's Supremacy {Int+3}
 99771 | Zig:22   | Entered Level 22 of a ziggurat
 99804 | Zig:22   | Reached skill level 5 in Necromancy
 99817 | Zig:22   | Found the amulet of the Air {Inacc Air Fly rElec RMsl}
 99819 | Zig:22   | Found the +0 pair of fencer's gloves {Riposte Dex+3}
 99835 | Zig:22   | Identified the ring of Incredulity {Wiz *Slow rC+ rN+}
 99855 | Zig:22   | Learned a level 8 spell: Necromutation
 99857 | Zig:22   | Identified the +2 leather armour of Noshrac {Rampage
                  | *Corrode *Slow rF+++ SInv}
 99859 | Zig:22   | Got the Guide on the Supportive Compass
 99892 | Zig:22   | Identified the +10 shortbow "Fain" {venom, Int+3}
100021 | Zig:23   | Entered Level 23 of a ziggurat
100041 | Zig:23   | Noticed a dread lich
100067 | Zig:23   | Killed a dread lich
100070 | Zig:23   | Noticed an ancient lich
100072 | Zig:23   | Noticed a dread lich
100073 | Zig:23   | Noticed an ancient lich
100074 | Zig:23   | Killed an ancient lich
100075 | Zig:23   | Reached skill level 10 in Necromancy
100075 | Zig:23   | Killed a dread lich
100075 | Zig:23   | Killed an ancient lich
100075 | Zig:23   | Noticed an ancient lich
100081 | Zig:23   | Killed an ancient lich
100259 | Zig:23   | Found the +10 tower shield of Ignorance {rN+ Int-4}
100263 | Zig:23   | Identified the ring "Dagh" {Fly rPois Stlth+}
100279 | Zig:23   | Identified the amulet "Jooq Dyx" {Spirit Regen+}
100420 | Zig:24   | Entered Level 24 of a ziggurat
100780 | Zig:24   | Identified the +6 morningstar "Fihiypla" {vamp, SInv}
100796 | Zig:24   | Identified the ring "Qexyam Rese" {Ice *Slow Str+7 Dex+10}
100800 | Zig:24   | Identified the ring of the Country {rF+ rC- MP+9 Str+4}
100807 | Zig:24   | Identified the +9 great sword "Looruh" {pain, +Blink rElec
                  | rC- Int+3}
100854 | Zig:24   | Identified the +7 plate armour of Plog {Harm Regen+ Str+10
                  | Dex-2}
100889 | Zig:25   | Entered Level 25 of a ziggurat
100969 | Zig:25   | Identified the amulet "Cywnusu" {Spirit Will+ Str+7 Dex-3
                  | Stlth+}
100982 | Zig:25   | Identified the +4 halberd "Afisuy" {spect, Int+4}
100990 | Zig:25   | Identified the ring "Zecoom" {*Corrode rElec rPois Str+5
                  | Dex+6}
101028 | Zig:26   | Entered Level 26 of a ziggurat
101063 | Zig:26   | Reached skill level 15 in Fighting
101270 | Zig:26   | Found the macabre finger necklace {rN+}
101296 | Zig:26   | Identified the +3 ring mail "Ucwatab" {rElec rF+ Will+}
101320 | Zig:26   | Identified the ring "Dyhi" {Ice Slay+3}
101322 | Zig:26   | Identified the +2 plate armour of Chimes {rC+ Will+ Regen+}
101325 | Zig:26   | Identified the +3 dagger of the Snake Pit {antimagic, Str-2
                  | Dex+7 SInv}
101395 | Zig:27   | Entered Level 27 of a ziggurat
101420 | Zig:27   | Reached skill level 15 in Necromancy
101437 | Zig:27   | Reached skill level 27 in Conjurations
101550 | Zig:27   | Found the +8 glaive of the Guard {elec, spectral, AC+5}
101562 | Zig:27   | Identified the +3 rapier "Giantbane" {speed, Fly}
101581 | Zig:27   | Identified the +2 ring mail of Lifelessness {rF- Dex+4
                  | Slay+2}
101582 | Zig:27   | Identified the +1 helmet "Ipnoyd" {rPois}
101620 | Zig:27   | Identified the +10 broad axe "Yhomok" {protect, *Noise
                  | Str+3 Dex+3}
101636 | Zig:27   | Identified the +8 dagger "Zeuhoythix" {spect, SInv}
101701 | Zig:27   | Learned a level 9 spell: Chain Lightning
102293 | Hell     | Found a gateway to the Iron City of Dis.
102433 | Hell     | Found a gateway to the ashen valley of Gehenna.
102615 | Hell     | Found a gateway to the decaying netherworld of Tartarus.
102706 | Hell     | Found a gateway to the freezing wastes of Cocytus.
102709 | Hell     | Reached skill level 10 in Armour
103465 | Zot:3    | Noticed an orb of fire
103471 | Zot:3    | Killed an orb of fire
103996 | Zot:3    | Reached skill level 1 in Long Blades
104639 | Zot:4    | Noticed acemry's ghost (legendary MiFi)
104665 | Zot:4    | Found a transporter.
104676 | Zot:4    | Found a transporter.
104684 | Zot:4    | Noticed an ancient lich
105011 | Zot:4    | Noticed an orb of fire
105012 | Zot:4    | Gained mutation: Your body sometimes deteriorates upon
                  | taking damage. [an orb of fire]
105015 | Zot:4    | Killed an orb of fire
105568 | Zot:4    | Lost mutation: Your body sometimes deteriorates upon taking
                  | damage. [potion of mutation]
105568 | Zot:4    | Gained mutation: Armour fits poorly on your strangely
                  | shaped body. [potion of mutation]
105568 | Zot:4    | Lost mutation: You occasionally shout uncontrollably at
                  | your foes. [potion of mutation]
105569 | Zot:4    | Lost mutation: Armour fits poorly on your strangely shaped
                  | body. [potion of mutation]
105569 | Zot:4    | Lost mutation: Your system is resistant to poisons. (rPois)
                  | [potion of mutation]
105569 | Zot:4    | Gained mutation: You possess an exceptional clarity of
                  | mind. [potion of mutation]
105569 | Zot:4    | Gained mutation: Your spells are a little easier to cast,
                  | but a little less powerful. [potion of mutation]
105569 | Zot:4    | Gained mutation: You are agile. (Dex +2) [potion of
                  | mutation]
105625 | Zot:4    | Lost mutation: You are agile. (Dex +2) [potion of mutation]
105625 | Zot:4    | Lost mutation: You possess an exceptional clarity of mind.
                  | [potion of mutation]
105625 | Zot:4    | Lost mutation: Your natural rate of healing is unusually
                  | fast. [potion of mutation]
105625 | Zot:4    | Lost mutation: Your spells are a little easier to cast, but
                  | a little less powerful. [potion of mutation]
105626 | Zot:4    | Gained mutation: Potions are less effective at restoring
                  | your health. [potion of mutation]
105626 | Zot:4    | Gained mutation: You have a pair of small antennae on your
                  | head. [potion of mutation]
105627 | Zot:4    | Lost mutation: Potions are less effective at restoring your
                  | health. [potion of mutation]
105627 | Zot:4    | Lost mutation: You have a pair of small antennae on your
                  | head. [potion of mutation]
105627 | Zot:4    | Gained mutation: You are agile. (Dex +2) [potion of
                  | mutation]
105627 | Zot:4    | Lost mutation: You are agile. (Dex +2) [potion of mutation]
105627 | Zot:4    | Gained mutation: You have a pair of small horns on your
                  | head. [potion of mutation]
105783 | Zot:5    | Entered Level 5 of the Realm of Zot
105804 | Zot:5    | Reached skill level 5 in Long Blades
107135 | Tomb:1   | Entered Level 1 of the Tomb of the Ancients
107484 | Tomb:1   | Noticed a royal mummy
107488 | Tomb:1   | Killed a royal mummy
107492 | Tomb:1   | Noticed a royal mummy
107494 | Tomb:1   | Killed a royal mummy
107999 | Tomb:2   | Noticed a royal mummy
107999 | Tomb:2   | Noticed a royal mummy
107999 | Tomb:2   | Noticed a royal mummy
108001 | Tomb:2   | Noticed a royal mummy
108009 | Tomb:2   | Killed a royal mummy
108010 | Tomb:2   | Killed a royal mummy
108011 | Tomb:2   | Killed a royal mummy
108016 | Tomb:2   | Killed a royal mummy
108049 | Tomb:2   | Noticed Sojobo
108075 | Tomb:2   | Killed Sojobo
108854 | Pan      | Entered the realm of Gloorx Vloq.
108854 | Pan      | Entered Pandemonium
109057 | Pan      | Identified the +4 hand crossbow of Prudence {elec, *Slow
                  | rC+++ Str+4 Stlth+}
109483 | Pan      | Noticed Gloorx Vloq
109490 | Pan      | Killed Gloorx Vloq
109491 | Pan      | Reached skill level 10 in Long Blades
109613 | Pan      | Got a dark rune of Zot
110157 | Pan      | Noticed Jomijash the pandemonium lord
110830 | Pan      | Killed Jomijash the pandemonium lord
110973 | Pan      | Noticed Poprinai the pandemonium lord
111199 | Pan      | Cast into level 4 of the Abyss (Poprinai)
111431 | Abyss:4  | Gained mutation: You occasionally shout uncontrollably at
                  | your foes. [a neqoxec]
111548 | Pan      | Escaped the Abyss
111570 | Pan      | Cast into level 4 of the Abyss (Poprinai)
111701 | Abyss:4  | Lost mutation: You occasionally shout uncontrollably at
                  | your foes. [potion of mutation]
111701 | Abyss:4  | Lost mutation: You have a pair of small horns on your head.
                  | [potion of mutation]
111701 | Abyss:4  | Gained mutation: Your magical capacity is low. (-10% MP)
                  | [potion of mutation]
111701 | Abyss:4  | Gained mutation: You are partially covered in large bone
                  | plates. (SH +4) [potion of mutation]
111701 | Abyss:4  | Gained mutation: Your muscles are strong. (Str +2) [potion
                  | of mutation]
111702 | Abyss:4  | Lost mutation: Your magical capacity is low. (-10% MP)
                  | [potion of mutation]
111702 | Abyss:4  | Lost mutation: Your muscles are strong. (Str +2) [potion of
                  | mutation]
111702 | Abyss:4  | Gained mutation: You are frail. (-10% HP) [potion of
                  | mutation]
111702 | Abyss:4  | Gained mutation: You are strong-willed. (Will+) [potion of
                  | mutation]
111702 | Abyss:4  | Gained mutation: You are clumsy. (Dex -2) [potion of
                  | mutation]
111702 | Abyss:4  | Gained mutation: Your muscles are strong. (Str +2) [potion
                  | of mutation]
111703 | Abyss:4  | Lost mutation: You are frail. (-10% HP) [potion of
                  | mutation]
111703 | Abyss:4  | Lost mutation: Your muscles are strong. (Str +2) [potion of
                  | mutation]
111703 | Abyss:4  | Gained mutation: You are highly strong-willed. (Will++)
                  | [potion of mutation]
111855 | Pan      | Escaped the Abyss
112024 | Pan      | Entered the realm of Lom Lobon.
113327 | Pan      | Identified the +1 arbalest "Kiduokh" {flame, rN+ Int+3}
113437 | Pan      | Noticed Lom Lobon
114304 | Pan      | HP: 4/168 [spore (8)]
114630 | Pan      | Learned a level 1 spell: Apportation
114934 | Pan      | Got a magical rune of Zot
115172 | Pan      | Found an exit through the horrors of the Abyss.
115178 | Pan      | Took an exit into the Abyss.
115178 | Abyss:1  | Escaped into the Abyss
115347 | Abyss:1  | Found a corrupted altar of Lugonu.
115474 | Abyss:1  | Reached skill level 15 in Long Blades
115668 | Depths:3 | Escaped the Abyss
116073 | D:7      | Bought 2 potions of ambrosia for 208 gold pieces
116639 | Zig:1    | Entered Level 1 of a ziggurat
116654 | Zig:1    | Acquired 612 gold pieces
116658 | Zig:2    | Entered Level 2 of a ziggurat
116658 | Zig:2    | Noticed Dummoffu the pandemonium lord
116669 | Zig:2    | Drowned by Dummoffu the pandemonium lord

Illustrated notes

.....P.##...................†....
.....####.####....P##..........#.
....## #>.# ##..#####......÷....
....# #.## ##..# #...##.##..##
....#####.# #..## ##.######P..#
....#.##..# #...# #..# ##.##
###.......# ###.# #### ##.##
##..#####.# #.### #...# ##..# ###
#8@8# ####.## #.P####.# ##+##
###P##..# #.##P#.## .s# #......##
###..#..#.# ###. ##.###..#
.........## s# #.###..#
..........# [. ###.....
.........## .). ##....
.........## ##. ##... .....<...P#
####P...


Turn 23599 on Lair:2: vault here

Levels and vault maps discovered:
D:1:      dpeg_arrival_circle_labyrinth_c, layout_basic, minivault_14
D:2:      layout_rooms, serial_shops, nicolae_shop_stone,
          nicolae_shop_window_shopping
D:3:      layout_basic, shapermc_ecumenical_altar_venn, minmay_misc_feat_tower
D:4:      layout_loops_ring, serial_shops, shop_fountains
D:5:      layout_layer_cave, mainiacjoe_overflow_alcove_2,
          yredelemnul_altar_generic, enter_ossuary_5,
          minmay_fractal_squares_gapless_5
D:6:      layout_loops_corners, minmay_temple_entry_slanted
D:7:      layout_basic, mainiacjoe_overflow_tiny_flanked,
          mainiacjoe_overflow_swirl, serial_shops, nicolae_lakefront_shop
D:8:      layout_basic, chequers_big_river, uniq_maurice, uniq_erica,
          uniq_psyche
D:9:      layout_roguey, serial_shops, shop, minmay_unpleasant_kobolds
D:10:     layout_basic, minmay_lair_entry_grove, minmay_crystal_room,
          guppyfry_shop_venom, uniq_harold, uniq_snorg, uniq_grum
D:11:     layout_loops_corners, nicolae_uskayaw_dance_studio, uniq_gastronok,
          uniq_josephine
D:12:     layout_layer_cave, gammafunk_ghost_ooze
D:13:     minmay_the_grid_plus [minmay_the_grid_minigrid_medium,
          minmay_the_grid_zigzag_pyramid, minmay_the_grid_holed_spiral,
          minmay_the_grid_armoury,
          minmay_the_grid_prize_four_corners_diamond_b], layout_cave_pools,
          hangedman_abyss_or_decor_passed, pond
D:14:     minmay_mutant_horseshoe, layout_basic, gauntlet_entry_generic,
          minmay_misc_feat_four_crosses, uniq_rupert
D:15:     grunt_enter_depths_magical_seal, layout_long_grid,
          roderic_nine_men_s_morris
Temple:   bh_familiar_temple
Lair:1:   layout_loops_ring, enter_volcano_1
Lair:2:   gammafunk_indiana_jones, layout_small_grid
Lair:3:   layout_misc_corridors
Lair:4:   layout_loops_ring, shoals_dummy_entry,
          nicolae_spider_entry_non_spiders
Lair:5:   layout_loops_ring, grunt_megastairs_2
Lair:6:   hangedman_lair_in_review, layout_cave_pods,
          hangedman_lair_caniforms_friends, slime_altar_1, st_stairs_6,
          lemuel_fruit_tree, uniq_nessos
Shoals:1: layout_shoals, ebering_ghost_xom, uniq_jorgrun
Shoals:2: cheibrodos_shoals_satyrical_garden, layout_shoals,
          gammafunk_ghost_necromancy
Shoals:3: layout_shoals, serial_shops, shop
Shoals:4: shoals_end_simple, layout_shoals, shoals_ilsuiw_alternative,
          uniq_roxanne, uniq_kirke
Spider:1: layout_chambers
Spider:2: layout_chambers, uniq_agnes, uniq_donald
Spider:3: layout_spider_delve
Spider:4: guppyfry_spider_rune, drop_trap
Slime:1:  layout_caves, nicolae_slime_barrier
Slime:2:  layout_caves, cheibrodos_slime_lost_civilization_5
Slime:3:  layout_caves
Slime:4:  layout_caves
Slime:5
Orc:1:    layout_caves, uniq_fannar, uniq_sonja
Orc:2:    grunt_orc_tribal_feast, layout_caves
Elf:1:    minmay_elf_arrival_plus, layout_loops_corners, minivault_28
Elf:2:    elven_hall_of_blades_hangedman_alternative
          [infiniplex_blade_entry_pillars], layout_geoelf_grid, basic_altar,
          portal_desolation_entry_twin_temple, amcnicky_mini_pool_small,
          billiards_dpeg
Elf:3:    minmay_elf_hall_dome, layout_geoelf_grid,
          nicolae_elf_free_trip_to_the_abyss
Vaults:1: v_misc_10, v_rooms_6, nicolae_vaults_mini_display_case,
          hangedman_vaults_trim, nicolae_vaults_angled_halls, v_alt_pattern_5,
          layout_vaults_chaotic_city
Vaults:2: vaults_standard_mumra_enter_the_diamond, vaults_dpeg_cross,
          minmay_crypt_entry_simple_sparse, vaults_mumra_hexcomb, v_misc_16,
          grunt_vaults_diagonal, v_rooms_5, v_misc_23, special_room_vaults
          [special_room_orc], grunt_vaults_hallway_short,
          layout_vaults_omnicross, uniq_mara, uniq_margery
Vaults:3: v_misc_9, hangedman_vaults_nodes, vaults_mumra_chevron_long,
          vaults_mumra_hex, nicolae_vaults_theta, v_pattern_5,
          hangedman_vaults_corner_blocks, dpeg_vaults_monster_box,
          nicolae_vaults_stairing_the_circle, vaults_room_large_hall,
          nicolae_vaults_angled_halls, vaults_room_door_ring,
          layout_vaults_maze_snakey, serial_shops, nicolae_shop_crystal,
          uniq_boris
Vaults:4: st_squares, nicolae_vaults_little_squares_6, ontoclasm_vaults_spin,
          hangedman_vaults_pinch, hangedman_vaults_locks, v_misc_33, v_rooms_2,
          v_rooms_5, nicolae_vaults_theta, ontoclasm_vaults_ring_small,
          ontoclasm_vaults_fault, vaults_dpeg_spiral, vaults_room_semicircle,
          layout_vaults_ring
Vaults:5
Crypt:1:  layout_basic
Crypt:2:  layout_basic, nzn_life_drinkers, grunt_megastairs_1, uniq_bai_suzhen
Crypt:3:  church_of_pain_bobbens, layout_chaotic_city,
          nicolae_tomb_entry_unfolded_pyramid_orthogonal, minivault_14,
          weyrava_lich_vault, uniq_jory
Tomb:1
Tomb:2:   uniq_sojobo
Depths:1: layout_basic, enter_ziggurat_f, kennysheep_donut, serial_shops,
          shop_fountains, hell_entry, minmay_three_doors
Depths:2: minmay_bubble_buster, layout_gridlike, chequers_serial_rivers_small_b,
          grunt_metal_band, nicolae_wu_jian_glorious_leap, firewood_loft
Depths:3: minmay_spriggan_fort, layout_cave_pools, pan_entry,
          chequers_serial_rivers_room_a, pf_hell_entry_tar_river,
          serial_bayou_shore_a, minmay_shop_grove, uniq_saint_roka
Depths:4: kennysheep_windowed_halls, layout_gridville, pan_entry,
          nicolae_abyss_entry_one_way_or_another, pf_coc_iceberg, fountainhead,
          infiniplex_staircase_pillars_3b
Depths:5: evilmike_zot_entry_castle, layout_basic,
          nicolae_dithmenos_through_a_glass_darkly, serial_shops, shop, shop,
          abyss_entry, hell_entry
Hell
Zot:1:    layout_gridville, grunt_megastairs_3
Zot:2:    layout_misc_corridors, hangedman_zot_wheel_spokes
Zot:3:    layout_misc_corridors, st_stairs_12
Zot:4:    kennysheep_six_static_rooms, layout_gridlike,
          gammafunk_ghost_abyssal_escape
Zot:5:    layout_basic
Zig:2:    ziggurat_pillar_abc, ziggurat_pillar_abc, ziggurat_pillar_abc,
          ziggurat_pillar_abc

Skill      XL: |  1  2  3  4  5  6  7  8  9 10 11 12 13 14 15 16 17 18 19 20 21 22 23 24 25 26 27 |
---------------+----------------------------------------------------------------------------------+-----
Spellcasting   | 4 5 6 8 9 11 13 14 15 17 19 20 21 22 24 25 27 | 27.0
Conjurations   | 2 3 4 5 7 8 10 11 12 13 14 15 16 17 18 19 20 21 23 27 | 27.0
Fire Magic     | 4 5 6 8 9 11 12 14 15 16 17 18 19 20 22 23 24 25 27 | 27.0
Stealth        | 3 4 |  4.0
Dodging        | 3 4 5 6 8 10 11 12 13 14 15 26 | 26.0
Shields        | 4 5 6 7 8 17 | 17.8
Fighting       | 1 2 3 5 6 8 9 16 | 16.2
Armour         | 2 4 5 6 13 | 13.5
Earth Magic    | 3 4 5 8 10 11 12 13 14 15 22 | 22.9
Translocations | 1 2 |  2.0
Hexes          | 1 4 5 |  5.0
Evocations     | 1 |  1.9
Summonings     | 1 2 |  2.0
Transmutations | 2 6 8 9 10 13 | 13.3
Staves         | 1 2 |  2.0
Air Magic      | 1 4 |  4.6
Necromancy     | 20 | 20.1
Long Blades    | 15 | 15.3
Ice Magic      | |  0.5

Action                   |  1- 3 |  4- 6 |  7- 9 | 10-12 | 13-15 | 16-18 | 19-21 | 22-24 | 25-27 || total
-------------------------+-------+-------+-------+-------+-------+-------+-------+-------+-------++-------
Melee: Unarmed           |       |     2 |     1 |     2 |       |       |       |       |       ||     5
       Staff             |       |       |       |     3 |     2 |    56 |    29 |    89 |   218 ||   397
       Kick              |       |       |       |       |       |     9 |     3 |    27 |       ||    39
       Scimitar          |       |       |       |       |       |       |       |     8 |    30 ||    38
       Hand axe          |       |       |       |       |       |       |       |     8 |    10 ||    18
       Rapier            |       |       |       |       |       |       |       |       |   373 ||   373
       Double sword      |       |       |       |       |       |       |       |       |   260 ||   260
       Headbutt          |       |       |       |       |       |       |       |       |   100 ||   100
       Lance             |       |       |       |       |       |       |       |       |    41 ||    41
 Cast: Foxfire           |    65 |   169 |   205 |   163 |    98 |    20 |     7 |       |       ||   727
       Sticky Flame      |       |     6 |    31 |    61 |    37 |    35 |    17 |    21 |    28 ||   236
       Conjure Flame     |       |     1 |     4 |     1 |       |       |       |       |       ||     6
       Fireball          |       |       |    11 |   153 |   329 |   359 |    55 |   164 |   247 ||  1318
       Leda's Liquefacti |       |       |       |       |     2 |       |       |       |       ||     2
       Bolt of Magma     |       |       |       |       |    45 |     4 |       |       |       ||    49
       Lee's Rapid Decon |       |       |       |       |     4 |       |       |       |       ||     4
       Slow              |       |       |       |       |     3 |     3 |       |       |       ||     6
       Blink             |       |       |       |       |     4 |     1 |     7 |    22 |    18 ||    52
       Iron Shot         |       |       |       |       |    17 |    63 |   253 |   244 |   579 ||  1156
       Ignition          |       |       |       |       |    11 |    88 |   109 |    99 |   291 ||   598
       Spellforged Servi |       |       |       |       |     1 |    21 |    13 |    19 |    26 ||    80
       Freezing Cloud    |       |       |       |       |       |     2 |     3 |       |     3 ||     8
       Statue Form       |       |       |       |       |       |    45 |    53 |    40 |    15 ||   153
       Orb of Destructio |       |       |       |       |       |     7 |       |    34 |    61 ||   102
       Cause Fear        |       |       |       |       |       |     2 |     1 |       |       ||     3
       Swiftness         |       |       |       |       |       |     1 |     1 |     4 |    17 ||    23
       Fire Storm        |       |       |       |       |       |       |     5 |    58 |   125 ||   188
       Shatter           |       |       |       |       |       |       |       |       |   170 ||   170
       Necromutation     |       |       |       |       |       |       |       |       |    11 ||    11
       Apportation       |       |       |       |       |       |       |       |       |     1 ||     1
 Abil: End Transformatio |       |       |       |       |       |       |       |       |     1 ||     1
Evoke: Wand              |       |       |       |     4 |     2 |    39 |       |     8 |    24 ||    77
       Condenser vane    |       |       |       |       |       |     2 |     1 |     2 |     1 ||     6
       Phantom mirror    |       |       |       |       |       |       |       |       |     3 ||     3
       Horn of Geryon    |       |       |       |       |       |       |       |       |     2 ||     2
       Figurine of a zig |       |       |       |       |       |       |       |       |     1 ||     1
  Use: Scroll            |       |     9 |     3 |    19 |     8 |    12 |     8 |    13 |    63 ||   135
       Potion            |       |     1 |       |     1 |     1 |    11 |     4 |     5 |    70 ||    93
 Stab: Distracted        |       |       |       |       |       |       |       |       |     1 ||     1
       Sleeping          |       |       |       |       |       |       |       |       |     1 ||     1
Armor: Robe              |     5 |     6 |    10 |     5 |       |       |       |       |       ||    26
       Troll leather arm |       |       |       |    53 |    30 |    69 |    14 |    43 |   389 ||   598
       Skin              |       |       |       |       |       |   361 |   188 |   219 |   244 ||  1012
       Scale mail        |       |       |       |       |       |       |       |       |   148 ||   148
Dodge: Dodged            |    13 |    26 |    55 |   111 |   118 |   456 |   302 |   348 |  1700 ||  3129
Block: Buckler           |       |       |       |    41 |    44 |   206 |   121 |   226 |   254 ||   892
       Reflection        |       |       |       |       |       |    12 |       |       |       ||    12
       Kite shield       |       |       |       |       |       |       |       |       |  1280 ||  1280
       Rpst.: Scimitar   |       |       |       |       |       |       |       |     2 |    67 ||    69
       Rapier            |       |       |       |       |       |       |       |       |   100 ||   100
       Double sword      |       |       |       |       |       |       |       |       |    52 ||    52
       Lance             |       |       |       |       |       |       |       |       |     1 ||     1
